Map: Para Site LE

Players

Mesrob

  • Race: Terran Terran
  • League: Gold
  • Spawn Location: 11:00

Lirawyn - Winner!

  • Race: Zerg Zerg
  • League: Gold
  • Spawn Location: 5:00

VOD

Have the link to the VOD?

Description

Time

  • Played on: Jan. 16, 2019, 9:58 p.m.
  • Length: 22:52
Show
View Real Time Build Order
Export as new Build Order

Mesrob Terran 

Build Orders: Mech 

Get SALT Encoding   

  12  0:01  SCV  
  13  0:13  SCV  
  14  0:21  Supply Depot  
  14  0:25  SCV  
  15  0:43  SCV  
  15  0:45  Barracks  
  16  0:52  Refinery  
  16  0:55  SCV  
  17  1:07  SCV  
  18  1:19  SCV  
  19  1:32  Orbital Command  
  19  1:39  Marine  
  20  1:42  Command Center  
  20  1:53  Bunker  
  20  2:02  SCV  
  21  2:13  Factory  
  21  2:14  SCV  
  22  2:22  Barracks Tech Lab  
  22  2:25  Supply Depot  
  22  2:43  Refinery  
  22  2:49  Supply Depot  
  22  3:01  Orbital Command, Engineering Bay  
  22  3:03  Siege Tank  
  25  3:08  Marine  
  26  3:15  SCV  
  27  3:26  SCV  
  28  3:27  SCV  
  28  3:30  Refinery  
  29  3:36  Missile Turret  
  29  3:38  SCV  
  30  3:45  Siege Tank  
  33  3:50  SCV  
  34  3:57  Missile Turret  
  34  3:59  Command Center  
  34  4:10  Refinery  
  34  4:17  Siege Tank  
  34  4:18  Missile Turret, SCV  
  34  4:19  SCV  
  39  4:30  Factory, SCV  
  40  4:32  Factory  
  40  4:44  Marine  
  41  4:49  Armory  
  41  5:38  Missile Turret  
  41  5:44  SCV x2  
  41  5:48  Missile Turret  
  43  5:56  SCV, Terran Vehicle Weapons Level 1  
  43  5:57  SCV  
  45  5:59  Missile Turret  
  45  6:01  Planetary Fortress  
  45  6:06  Sensor Tower  
  45  6:08  SCV  
  45  6:09  Missile Turret, SCV  
  46  6:20  Missile Turret, SCV  
  46  6:21  SCV  
  48  6:42  Missile Turret  
  48  6:57  Factory Reactor x2  
  48  6:58  Siege Tank  
  48  7:00  Command Center  
  51  7:04  Marine  
  51  7:07  SCV x2  
  54  7:38  Supply Depot  
  54  7:43  Supply Depot  
  54  7:50  Terran Vehicle And Ship Armor Level 1  
  54  7:59  Marine, SCV x2  
  54  8:00  Supply Depot  
  57  8:06  Supply Depot  
  57  8:09  Hellbat x2, Thor  
  57  8:11  SCV x2  
  69  8:16  Factory  
  69  8:19  Factory  
  69  8:23  Supply Depot, SCV x2  
  69  8:26  Factory  
  71  8:30  Supply Depot  
  71  8:32  Factory  
  71  8:35  SCV  
  71  8:36  SCV  
  73  8:47  Hellbat, Supply Depot  
  73  8:48  Hellbat x3, SCV  
  82  8:55  Supply Depot  
  82  8:58  Planetary Fortress  
  82  9:04  Refinery, Sensor Tower  
  82  9:07  Refinery  
  82  9:10  Supply Depot  
  82  9:13  Factory Tech Lab  
  82  9:14  Factory Tech Lab, Factory Reactor  
  82  9:15  Command Center  
  82  9:17  Factory Tech Lab  
  82  9:18  Supply Depot  
  82  9:31  Factory  
  82  9:32  Supply Depot  
  82  9:33  Factory  
  82  9:37  Factory  
  82  9:43  Supply Depot  
  82  10:07  Supply Depot  
  82  10:14  Missile Turret, SCV x2  
  82  10:16  SCV  
  85  10:26  SCV x2  
  85  10:31  Supply Depot  
  85  10:34  Missile Turret  
  85  10:36  Factory Tech Lab  
  85  10:38  Factory Tech Lab, Factory Reactor  
  85  10:41  Thor  
  85  10:42  Thor  
  97  10:45  Hellbat x3  
  97  10:48  Hellbat  
  97  10:49  Hellbat  
  113  10:52  Planetary Fortress  
  113  10:53  Supply Depot  
  113  10:56  Missile Turret  
  113  11:00  SCV x3  
  116  11:30  Missile Turret  
  116  11:36  Thor x2  
  116  11:37  Thor  
  116  11:38  Hellion, Hellbat x3  
  144  11:40  Hellbat, Refinery  
  144  11:42  Hellbat  
  146  11:48  Thor  
  146  11:52  Missile Turret  
  152  11:54  Thor  
  158  12:06  Refinery  
  159  12:08  SCV  
  159  12:10  SCV x2  
  159  12:12  Missile Turret  
  161  12:16  Hellion  
  161  12:20  SCV  
  162  12:32  SCV  
  162  12:33  Thor  
  162  12:34  Missile Turret  
  162  12:35  Sensor Tower  
  169  12:44  SCV  
  168  12:59  Command Center  
  126  13:21  Thor x2  
  123  13:40  Thor x3  
  123  13:41  Hellbat x6  
  133  14:03  Hellbat x2  
  133  14:04  Hellbat x4, Thor x2  
  133  14:05  Hellbat  
  150  14:22  Thor  
  150  14:23  Thor  
  162  14:26  SCV x3  
  162  14:27  Thor  
  165  14:32  Planetary Fortress  
  165  14:36  Refinery  
  165  14:38  SCV x2  
  167  14:42  Refinery  
  167  14:44  SCV  
  168  14:49  Thor  
  168  14:50  SCV, Thor  
  168  14:52  Hellbat x2  
  185  15:10  Thor  
  154  15:37  Thor x4  
  154  15:39  Hellbat x3  
  154  15:40  Hellbat x4  
  154  15:41  Hellbat  
  150  15:53  Thor  
  126  16:20  Thor  
  126  16:30  Thor x3  
  144  16:38  Sensor Tower  
  144  16:45  Thor  
  144  16:46  Hellbat x4  
  146  17:02  Thor  
  146  17:03  Hellbat x3  
  146  17:04  Hellbat  
  138  17:12  Thor  
  138  17:13  Thor x2  
  138  17:24  Hellbat  
  138  17:28  Thor  
  137  17:35  Hellbat  
  133  17:43  Command Center  
  123  17:45  Thor  
  120  17:57  Thor x2  
  130  17:59  Hellbat x3  
  136  18:15  Command Center  
  133  18:35  Thor  
  133  18:36  Hellbat, Thor  
  133  18:37  Hellbat x5  
  133  18:38  Hellbat  
  157  18:52  Thor  
  121  19:22  Command Center  
  99  19:46  Planetary Fortress  
  99  19:49  Thor x3  
  99  19:50  Hellbat, Thor  
  99  19:51  Hellbat  
  111  20:11  Thor  
  111  20:12  Hellbat x3  
  125  20:14  Hellbat  
  125  20:20  Refinery  
  125  20:21  Refinery  
  125  20:29  SCV x2  
  125  20:32  Thor  
  125  20:35  Missile Turret  
  85  21:33  Thor x3  
  85  21:34  Thor  
  85  21:35  Hellbat x7  
  85  21:36  Hellbat  
  107  22:06  Command Center  
  107  22:10  Command Center  
  107  22:14  Command Center  
Show
View Real Time Build Order
Export as new Build Order

Lirawyn Zerg - Winner!

Build Orders: Hatch First, Brood Lord Corruptor 

Get SALT Encoding   

  12  0:01  Drone  
  13  0:12  Overlord  
  13  0:16  Drone  
  14  0:31  Drone x2  
  16  0:50  Hatchery  
  16  0:52  Drone  
  16  0:56  Drone  
  17  0:59  Drone  
  17  1:03  Extractor  
  17  1:17  Spawning Pool  
  16  1:21  Drone  
  16  1:25  Drone  
  18  1:28  Drone  
  19  1:40  Overlord  
  19  1:50  Drone  
  20  2:02  Drone  
  20  2:04  Queen  
  20  2:05  Queen  
  20  2:08  Metabolic Boost  
  25  2:12  Drone  
  25  2:14  Zergling x2  
  27  2:18  Drone  
  28  2:23  Drone  
  29  2:39  Hatchery  
  29  2:43  Drone x2  
  30  2:51  Queen  
  32  3:07  Drone x4  
  32  3:08  Overlord  
  36  3:27  Queen  
  38  3:35  Roach Warren  
  38  3:37  Drone  
  38  3:38  Extractor, Drone x3, Baneling Nest  
  38  3:40  Overlord  
  39  3:52  Drone x4  
  39  3:53  Drone  
  44  4:01  Drone x2  
  46  4:03  Drone  
  46  4:06  Spore Crawler  
  46  4:10  Spore Crawler  
  45  4:23  Drone x3  
  45  4:24  Drone x5  
  51  4:27  Lair  
  53  4:34  Evolution Chamber  
  53  4:37  Evolution Chamber  
  51  4:46  Extractor  
  51  4:49  Extractor  
  51  4:51  Spore Crawler  
  48  4:54  Drone x4  
  52  5:01  Queen  
  54  5:10  Zerg Missile Weapons Level 1  
  54  5:11  Zerg Ground Armor Level 1  
  54  5:13  Drone x2  
  54  5:14  Drone x2  
  58  5:17  Overlord x3  
  59  5:35  Zergling x2  
  59  5:36  Zergling x6  
  59  5:37  Zergling x2  
  59  5:38  Roach  
  59  5:39  Roach x3  
  59  5:40  Roach x3  
  77  5:46  Drone x4  
  77  5:47  Drone  
  82  5:52  Extractor  
  82  5:54  Extractor  
  80  5:58  Overlord x3  
  79  6:22  Drone x3  
  79  6:23  Drone x7  
  79  6:24  Drone x5  
  89  6:56  Roach  
  91  7:02  Glial Reconstitution  
  91  7:04  Centrifical Hooks  
  91  7:06  Zerg Melee Weapons Level 1  
  91  7:10  Hydralisk Den  
  91  7:12  Infestation Pit, Spire  
  88  7:24  Hatchery  
  87  7:37  Zerg Missile Weapons Level 2  
  87  8:18  Grooved Spines  
  87  8:19  Hydralisk  
  87  8:21  Overlord x6  
  87  8:25  Hive  
  87  8:26  Zerg Flyer Armor Level 1  
  89  8:30  Tunneling Claws  
  89  9:06  Zerg Ground Armor Level 2  
  89  9:15  Drone x4  
  89  9:16  Drone x4  
  89  9:17  Corruptor x4  
  97  9:19  Overlord x2  
  105  9:26  Extractor  
  105  9:28  Extractor  
  105  9:30  Muscular Augments  
  103  9:31  Hydralisk  
  103  9:32  Hydralisk x2  
  103  9:37  Zergling x10  
  103  9:38  Zergling x6  
  117  10:14  Overlord x2  
  117  10:16  Viper x2  
  123  10:21  Greater Spire  
  123  10:45  Zergling x8  
  123  10:46  Corruptor x3  
  133  10:54  Zergling x8  
  133  10:55  Zergling x2  
  138  11:09  Spore Crawler  
  137  11:17  Zerg Missile Weapons Level 3  
  137  11:20  Hatchery  
  137  11:22  Zerg Melee Weapons Level 2  
  136  11:29  Burrow  
  136  12:06  Drone x4  
  136  12:07  Hydralisk  
  136  12:08  Hydralisk x5  
  144  12:11  Brood Lord x3  
  144  12:13  Brood Lord  
  160  12:20  Overseer  
  160  12:25  Baneling x5  
  160  12:26  Baneling  
  160  12:44  Brood Lord x2  
  144  13:19  Zergling x4  
  136  13:20  Zergling x32  
  117  13:42  Corruptor x4  
  117  13:43  Corruptor x2  
  114  14:19  Zergling x8  
  114  14:20  Zergling x4, Hydralisk x7  
  114  14:21  Corruptor, Hydralisk  
  114  14:22  Corruptor x3  
  144  14:34  Extractor, Spore Crawler  
  144  14:35  Extractor  
  144  14:38  Brood Lord x3  
  147  15:11  Zergling x8, Hydralisk x4  
  147  15:12  Hydralisk x3  
  150  15:55  Zergling x2  
  150  15:56  Zergling x26  
  152  16:09  Brood Lord  
  152  16:10  Brood Lord x5  
  148  16:30  Baneling x4  
  148  16:31  Baneling x3  
  148  16:37  Zerg Ground Armor Level 3  
  127  17:13  Corruptor x2  
  127  17:14  Corruptor x4  
  124  17:33  Zergling x8  
  124  17:34  Zergling x18  
  127  17:42  Lurker Den  
  104  18:02  Zergling x8, Hydralisk  
  104  18:03  Hydralisk x6  
  104  18:04  Hydralisk x2  
  104  18:05  Hydralisk x2  
  130  18:15  Brood Lord  
  130  18:16  Brood Lord x2  
  107  18:49  Zergling x2  
  107  18:50  Zergling x28  
  120  19:06  Hydralisk x2  
  120  19:07  Hydralisk x2  
  128  19:13  Adaptive Talons  
  128  19:16  Hydralisk  
  121  19:17  Hydralisk  
  121  19:19  Zergling x4  
  121  19:20  Zergling x6  
  118  19:33  Lurker x3  
  118  19:34  Lurker x2  
  118  19:44  Zergling x28  
  118  19:45  Zergling x6  
  115  20:10  Hydralisk  
  115  20:11  Hydralisk x6  
  129  20:28  Hatchery  
  128  20:39  Brood Lord x3  
  134  20:44  Hydralisk  
  134  20:45  Hydralisk x6  
  134  20:46  Hydralisk x3  
  154  21:15  Hydralisk x17  
  151  21:19  Hydralisk x17  
  151  21:21  Hydralisk x17  
  134  21:45  Lurker x3  
  134  21:46  Lurker x4  
  141  21:48  Hydralisk x6  
  141  21:49  Drone  
  141  21:50  Zergling x10  
  141  21:51  Zergling x6  
  148  22:27  Hatchery  
Tags
 
League
GoldGold
Matchup
TvZ
Replay Pack
sc2 replays
Spawn Locations
Cross Positions
Add a new tag
Caveats
  • Supply blocks, unpowered buildings, or Contaminate may cause inaccurate times.
  • Supply counts are checked every 10 seconds.